 Dungeon Crawl Stone Soup version 0.31-a0-1027-gfb7600b534 (webtiles) character file.

Game seed: 11812090836453772532

38404 Colgate the Fighter (level 13, -5/117 HPs)
             Began as a Demigod Air Elementalist on Nov 18, 2023.
             Slain by a skyshark (7 damage)
             ... on level 3 of the Lair of Beasts.
             The game lasted 02:17:47 (25522 turns).

Colgate the Fighter (Demigod Air Elementalist)     Turns: 25522, Time: 02:17:48

Health: -5/117     AC: 15    Str:  8    XL:     13   Next: 30%
Magic:  24/36      EV: 17    Int: 33    God:
Gold:   121        SH:  0    Dex: 26    Spells: 5/26 levels left

rFire   + . .        b - +10 trident of the Sun {pain, Int+3}
rCold   . . .        (no shield)
rNeg    . . .        G - +2 leather armour {rF+}
rPois   +            i - +2 helmet
rElec   .            (no cloak)
rCorr   .            F - +2 pair of gloves
SInv    .            R - +2 pair of boots
Will    +....        E - amulet of magic regeneration
Stlth   ++           u - ring of magical power
HPRegen 0.39/turn    w - +6 ring of intelligence
MPRegen 0.65/turn

%: no passive effects
@: no status effects
A: high MP 1, forlorn, divine attributes, agile 1, poison resistance, MP-powered
wands
a: no special abilities


You were on level 3 of the Lair of Beasts.
You visited 3 branches of the dungeon, and saw 16 of its levels.
You also visited: Volcano.

You collected 874 gold pieces.
You spent 753 gold pieces at shops.

Inventory:

Hand Weapons
 a - a +1 arbalest of flaming
 b - the +10 trident of the Sun (weapon) {pain, Int+3}
   (You found it on level 8 of the Dungeon)

   Int+3:     It affects your intelligence (+3).
 y - a +0 arbalest
Armour
 i - a +2 helmet (worn)
 l - a +3 ring mail of poison resistance
 p - +0 acid dragon scales
 F - a +2 pair of gloves (worn)
 G - a +2 leather armour of fire resistance (worn)
 L - a +0 animal skin
 R - a +2 pair of boots (worn)
 W - the +8 chain mail of Peuxoc {+Blink Dex+7}
   (You found it on level 12 of the Dungeon)

   Dex+7:     It affects your dexterity (+7).
   +Blink:    It lets you blink.
Magical Staves
 O - a staff of earth
 P - a staff of fire
Jewellery
 u - a ring of magical power (left hand)
 w - a +6 ring of intelligence (right hand)
 E - an amulet of magic regeneration (around neck)
 M - a ring of positive energy
 X - a ring of flight
Wands
 C - a wand of roots (10) {@v2}
 J - a wand of flame (44)
 N - a wand of light (7) {@v1}
 T - a wand of mindburst (13)
Scrolls
 d - 4 scrolls of amnesia
 f - 3 scrolls of noise
 g - 2 scrolls of torment
 h - 2 scrolls of poison
 j - 2 scrolls of fog
 m - a scroll of silence
 n - a scroll of butterflies
 o - a scroll of revelation
 r - a scroll of vulnerability {unknown}
 s - 4 scrolls of immolation
 t - 3 scrolls of fear
 H - 9 scrolls of teleportation {@r3}
 S - a scroll of enchant armour
Potions
 c - 5 potions of berserk rage
 e - 4 potions of mutation
 k - 2 potions of cancellation
 v - 2 potions of invisibility {unknown}
 x - 3 potions of haste {@q4}
 z - 2 potions of degeneration {unknown}
 A - 2 potions of attraction {unknown}
 B - a potion of enlightenment
 D - 3 potions of resistance {unknown}
 I - a potion of magic
 Q - 4 potions of curing {@q1}
 U - a potion of heal wounds {@q2}
 V - 3 potions of might {unknown}
 Y - a potion of lignification
Miscellaneous
 Z - a box of beasts


   Skills:
 - Level 11.7 Fighting
 - Level 6.4 Ranged Weapons
 - Level 4.1 Armour
 - Level 6.4 Dodging
 - Level 2.1 Stealth
 - Level 7.0 Spellcasting
 - Level 7.7 Conjurations
 - Level 4.0 Summonings
 - Level 3.2 Ice Magic
 + Level 10.4 Air Magic
 - Level 2.2 Evocations


You had 5 spell levels left.
You knew the following spells:

 Your Spells              Type           Power      Damage    Failure   Level
a - Shock                 Conj/Air       100%       1d9       1%          1
b - Static Discharge      Conj/Air       100%       3-8/arc   1%          2
c - Swiftness             Air            69%        N/A       1%          3
d - Airstrike             Air            34%        2d(5-21)  1%          4
e - Summon Lightning Spi  Summ/Air       56%        N/A       2%          4
f - Passwall              Tmut/Erth      9%         N/A       8%          2
g - Freezing Cloud        Conj/Ice/Air   28%        6-21      8%          5

Your spell library contained the following spells:

 Spells                   Type           Power      Damage    Failure   Level
 Freeze                   Ice            100%       1d10      1%          1
 Magic Dart               Conj           100%       1d8       1%          1
 Summon Small Mammal      Summ           100%       N/A       1%          1
 Cigotuvi's Dreadful Rot  Necr/Pois/Air  68%        N/A       1%          2
 Momentum Strike          Conj/Tloc      74%        3d10      1%          2
 Searing Ray              Conj           100%       2d8       1%          2
 Hailstorm                Conj/Ice       48%        3d11      1%          3
 Call Canine Familiar     Summ           38%        N/A       3%          3
 Dazzling Flash           Conj/Hex       74%        N/A       3%          3
 Stone Arrow              Conj/Erth      74%        3d11      3%          3
 Ensorcelled Hibernation  Hex/Ice        44%        N/A       4%          2
 Frozen Ramparts          Ice            66%        1d10      4%          3
 Apportation              Tloc           22%        N/A       5%          1
 Necrotise                Necr           44%        1d6       5%          1
 Sandblast                Erth           22%        2d7       5%          1
 Blink                    Tloc           22%        N/A       8%          2
 Lesser Beckoning         Tloc           22%        N/A       8%          2
 Brom's Barrelling Bould  Conj/Erth      37%        2d6       11%         4
 Fulminant Prism          Conj/Hex       18%        3d10      11%         4
 Ignite Poison            Fire/Tmut/Pois 11%        N/A       16%         3
 Sigil of Binding         Hex            11%        N/A       16%         3
 Vampiric Draining        Necr           11%        2d6       16%         3
 Volatile Blastmotes      Fire/Tloc      22%        2d11      16%         3
 Animate Armour           Summ/Erth      48%        N/A       22%         4
 Dimensional Bullseye     Hex/Tloc       5%         N/A       45%         4
 Leda's Liquefaction      Hex/Erth       5%         N/A       45%         4
 Manifold Assault         Tloc           11%        N/A       45%         4
 Petrify                  Tmut/Erth      11%        N/A       45%         4
 Metabolic Englaciation   Hex/Ice        11%        N/A       58%         5
 Agony                    Necr           11%        N/A       82%         5
 Alistair's Intoxication  Tmut/Pois      7%         N/A       82%         5
 Borgnjor's Vile Clutch   Necr/Erth      5%         N/A       82%         5
 Lee's Rapid Deconstruct  Erth           5%         3d6*      82%         5
 Starburst                Conj/Fire      18%        6d7       86%         6
 Maxwell's Capacitive Co  Air            34%        ∞         99%         8
 Dispersal                Tloc           5%         N/A       100%        6
 Eringya's Noxious Bog    Tmut/Pois      5%         4d6       100%        6
 Disjunction              Tloc           5%         N/A       100%        8


Dungeon Overview and Level Annotations

Branches:
Dungeon (12/15)            Temple (1/1) D:4            Lair (3/5) D:10
    Orc (0/2) D:11        Volcano (visited)
  Swamp: Lair:2-3    Shoals: Lair:2-3     Snake: Lair:2-3    Spider: Lair:2-3

Shops:
D:7 ?:(((


Innate Abilities, Weirdness & Mutations

You have an increased reservoir of magic. (+10% MP)
You shall have no god before yourself.
Your divine heritage dramatically boosts your attributes as you level up.
You are agile. (Dex +4, Str/Int -1)
Your system is resistant to poisons. (rPois)
You expend magic power (3 MP) to strengthen your wands.


Message History

b - the +10 trident of the Sun (weapon)
{pain, Int+3} The skyshark bites you!
The skyshark tail-slaps you but does no damage.
The skyshark completely misses you.
Casting: Airstrike (mildly dangerous; 1% risk of failure)
The skyshark is struck by an arc of lightning!
You are struck by an arc of lightning.
The skyshark is struck by an arc of lightning.
The lightning grounds out.
The skyshark bites you!
The skyshark tail-slaps you but does no damage.
The skyshark closely misses you.
Casting: Static Discharge (safe; 1% risk of failure)
Aiming: Airstrike (mildly dangerous; 1% risk of failure)
Press: ? - help, Dir - move target, f/p - skyshark
Aim: a skyshark (heavily wounded, berserk, empty space bonus: 6/8)
The air twists around and strikes the skyshark!!
The skyshark closely misses you. The skyshark misses you. x2
The skyshark bites you! The skyshark tail-slaps you!
The skyshark tail-slaps you.
* * * LOW HITPOINT WARNING * * *
Casting: Airstrike (mildly dangerous; 1% risk of failure)
Aiming: Airstrike (mildly dangerous; 1% risk of failure)
Press: ? - help, Dir - move target, f/p - skyshark
Aim: a skyshark (severely wounded, berserk, empty space bonus: 6/8)
The air twists around and strikes the skyshark!
The skyshark bites you!!
* * * LOW HITPOINT WARNING * * *
The skyshark closely misses you. The skyshark barely misses you.
Casting: Airstrike (mildly dangerous; 1% risk of failure)
Aiming: Airstrike (mildly dangerous; 1% risk of failure)
Press: ? - help, Dir - move target, f/p - skyshark
Aim: a skyshark (almost dead, berserk, empty space bonus: 6/8)
The air twists around and strikes the skyshark!
The skyshark barely misses you. The skyshark tail-slaps you!
* * * LOW HITPOINT WARNING * * *
The skyshark tail-slaps you but does no damage.
The skyshark completely misses you.
The skyshark tail-slaps you but does no damage.
The skyshark tail-slaps you!
You die...

..... .......
.......
#####.......
##...#..P..^.
#............
###...>......
###.#..........
#......@l......
##..†.###...†...
##...†#.#
.......
##.....###
.......
##....###
#..†... #P...P#
...... ##...##
...... ###...##
...... #.....#


You could see a skyshark (berserk).

Vanquished Creatures
  A rakshasa (D:12)
  An ogre mage (Volcano)
  A hydra (Lair:3)
  The ghost of Hyfo the Eclecticist, a journeyman DECj of Vehumet (Lair:2)
  A centaur warrior (D:12)
  3 two-headed ogres (Volcano)
  A boulder beetle (D:12)
  A tengu warrior (D:12)
  A hell knight (Volcano)
  An occultist (D:12)
  A lindwurm (Lair:1)
  2 deep elf pyromancers (D:12)
  A manticore (D:12)
  2 ugly things (D:12)
  A cyclops (D:12)
  5 elephants (Lair:1)
  Joseph (D:8)
  A gargoyle (D:12)
  4 kobold demonologists
  2 cane toads
  6 unseen horrors
  Jeremiah (D:6)
  A komodo dragon (Lair:3)
  A troll (D:12)
  2 blink frogs (Lair:1)
  22 yaks
  5 vampires
  A wyvern (D:8)
  3 basilisks
  A steam dragon (D:6)
  A vampire mosquito (D:12)
  11 water moccasins
  Pargi (D:3)
  3 orc warriors
  An ice beast (D:7)
  A black bear (D:6)
  3 sky beasts (D:7)
  3 wolves (Lair:1)
  3 ogres
  4 centaurs
  A phantom (D:7)
  4 kobold brigands
  7 bullfrogs
  3 gnoll sergeants
  10 wights
  10 killer bees (D:7)
  4 howler monkeys
  2 electric eels (Lair:2)
  3 hounds
  3 orc priests
  A jelly (D:6)
  2 sleepcaps
  2 iguanas
  6 orc wizards
  Robin (D:3)
  10 adders
  16 gnolls
  4 white imps
  2 ufetubi (D:4)
  3 worms
  A dart slug (D:1)
  23 orcs
  6 ball pythons
  11 endoplasms
  A giant cockroach (D:1)
  20 goblins
  11 hobgoblins
  26 kobolds
  4 quokkas
  3 bats
  7 frilled lizards
  4 rats
317 creatures vanquished.

Vanquished Creatures (collateral kills)
  Erolcha (D:10)
  A centaur warrior (D:12)
  3 boulder beetles
  4 two-headed ogres
  A tengu warrior (D:12)
  4 elephants
  3 cane toads
  A kobold demonologist (D:12)
  A hornet (D:9)
  A blink frog (Lair:1)
  7 yaks
  2 wraiths
  A wyvern (Lair:1)
  A vampire (D:11)
  A vampire mosquito (D:12)
  An acid dragon (D:12)
  A water moccasin (Lair:2)
  2 orc warriors
  2 wolves (Lair:1)
  A centaur (D:12)
  2 bullfrogs
  A scorpion (Lair:2)
  4 wights
  2 howler monkeys (D:11)
  An orc priest (D:9)
  2 orc wizards
  6 orcs
57 creatures vanquished.

Grand Total: 374 creatures vanquished

Notes
Turn   | Place    | Note
-------+----------+-------------------------------------------
     0 | D:1      | Colgate the Demigod Air Elementalist began the quest for
                  | the Orb.
     0 | D:1      | Reached XP level 1. HP: 14/14 MP: 5/5
    24 | D:1      | Reached skill level 1 in Conjurations
   276 | D:1      | Reached XP level 2. HP: 16/20 MP: 0/7
  1089 | D:1      | Reached XP level 3. HP: 24/26 MP: 6/8
  1092 | D:1      | Learned a level 2 spell: Static Discharge
  2451 | D:2      | Reached XP level 4. HP: 33/33 MP: 4/9
  2579 | D:2      | Learned a level 3 spell: Swiftness
  3687 | D:2      | Reached XP level 5. HP: 38/38 MP: 5/10
  4303 | D:3      | Noticed Robin
  4351 | D:3      | Killed Robin
  4771 | D:3      | Reached skill level 5 in Air Magic
  4840 | D:3      | Noticed Pargi
  4890 | D:3      | Reached skill level 1 in Fighting
  5569 | D:3      | Reached skill level 2 in Fighting
  5869 | D:4      | Reached XP level 6. HP: 28/48 MP: 8/11
  6248 | D:4      | Learned a level 4 spell: Airstrike
  6790 | D:4      | Found a staircase to the Ecumenical Temple.
  6798 | Temple   | Entered the Ecumenical Temple
  6895 | D:5      | Entered Level 5 of the Dungeon
  7209 | D:5      | Noticed a water moccasin
  7704 | D:5      | Killed a water moccasin
  7705 | D:5      | Reached XP level 7. HP: 56/56 MP: 14/14
  8346 | D:6      | Noticed a steam dragon
  8350 | D:6      | Killed a steam dragon
  8716 | D:3      | Killed Pargi
  8717 | D:3      | Reached skill level 3 in Fighting
  8853 | D:6      | Reached skill level 4 in Fighting
  8975 | D:6      | Reached XP level 8. HP: 66/66 MP: 16/16
 10168 | D:6      | Reached skill level 5 in Fighting
 11078 | D:7      | Reached skill level 1 in Ranged Weapons
 11520 | D:7      | Noticed Jeremiah
 11520 | D:7      | Found Oddunk's Antique Weapon Emporium.
 11543 | D:6      | Reached XP level 9. HP: 57/75 MP: 18/18
 11555 | D:6      | Killed Jeremiah
 11556 | D:6      | Reached skill level 5 in Ranged Weapons
 12182 | D:7      | Found Han Idd's Book Shop.
 12231 | D:7      | Found Tinych's Antique Weapon Emporium.
 12260 | D:7      | Reached skill level 6 in Fighting
 12272 | D:7      | Found Zeson's Antique Weapon Boutique.
 12647 | D:7      | Found Gipen's Magic Scroll Shop.
 13347 | D:8      | Noticed Joseph
 13495 | D:8      | Killed Joseph
 13496 | D:8      | Reached skill level 5 in Spellcasting
 13855 | D:8      | Identified the +10 trident of the Sun {pain, Int+3}
 14067 | D:7      | Bought a scroll of silence for 123 gold pieces
 14067 | D:7      | Bought a scroll of revelation for 97 gold pieces
 14067 | D:7      | Bought a scroll of amnesia for 52 gold pieces
 14067 | D:7      | Bought a scroll of teleportation for 39 gold pieces
 14067 | D:7      | Bought a scroll of identify for 26 gold pieces
 14171 | D:9      | Noticed a kobold demonologist
 14174 | D:9      | Noticed a kobold demonologist
 14216 | D:9      | Noticed a kobold demonologist
 14217 | D:9      | Noticed a kobold demonologist
 14225 | D:9      | Noticed a rust devil
 14229 | D:9      | Killed a kobold demonologist
 14230 | D:9      | Reached XP level 10. HP: 84/84 MP: 12/22
 14462 | D:9      | Noticed a soul eater
 14492 | D:8      | Noticed a rust devil
 15484 | D:4      | Learned a level 4 spell: Summon Lightning Spire
 15599 | D:4      | Learned a level 2 spell: Passwall
 15726 | D:8      | Gained mutation: You expend magic power (3 MP) to
                  | strengthen your wands. [potion of mutation]
 15726 | D:8      | Gained mutation: Your system is resistant to poisons.
                  | (rPois) [potion of mutation]
 15726 | D:8      | Gained mutation: You are agile. (Dex +4, Str/Int -1)
                  | [potion of mutation]
 15733 | D:8      | Reached skill level 1 in Summonings
 16602 | D:9      | Reached skill level 7 in Fighting
 17040 | D:10     | Entered Level 10 of the Dungeon
 17128 | D:7      | Bought a scroll of identify for 26 gold pieces
 17129 | D:7      | Bought a scroll of identify for 26 gold pieces
 17129 | D:7      | Identified a scroll of acquirement
 17130 | D:7      | Acquired the amulet "Bacwekke" {Reflect rElec rPois Dex-5
                  | SH+5 SInv}
 17332 | D:10     | Reached XP level 11. HP: 92/94 MP: 25/25
 17334 | D:10     | Reached skill level 8 in Fighting
 17513 | D:10     | Noticed Erolcha
 17636 | D:10     | Killed Erolcha
 17858 | D:10     | Noticed a boulder beetle
 18069 | D:10     | Killed a boulder beetle
 18070 | D:10     | Reached skill level 9 in Fighting
 18287 | D:10     | Found a staircase to the Lair.
 18426 | D:11     | Found a staircase to the Orcish Mines.
 18539 | D:11     | Reached skill level 5 in Dodging
 18611 | D:11     | Noticed a two-headed ogre
 18619 | D:11     | Killed a two-headed ogre
 18658 | D:11     | Reached skill level 1 in Ice Magic
 19219 | D:11     | Reached skill level 5 in Conjurations
 19951 | D:12     | Noticed a deep elf pyromancer
 19953 | D:12     | Killed a deep elf pyromancer
 19953 | D:12     | Noticed a boulder beetle
 20470 | D:12     | Noticed a boulder beetle
 20510 | D:12     | Killed a boulder beetle
 20685 | D:12     | Killed a boulder beetle
 21140 | D:12     | Noticed a tengu warrior
 21202 | D:12     | Killed a tengu warrior
 21203 | D:12     | Reached XP level 12. HP: 79/104 MP: 23/26
 21306 | D:12     | Noticed a centaur warrior
 21515 | D:12     | Killed a centaur warrior
 22079 | D:12     | Noticed a rakshasa
 22079 | D:12     | Noticed a centaur warrior
 22088 | D:12     | Killed a centaur warrior
 22089 | D:12     | Reached skill level 10 in Fighting
 22099 | D:12     | Killed a rakshasa
 22295 | D:12     | Identified the +8 chain mail of Peuxoc {+Blink Dex+7}
 22453 | D:14     | Identified the "Toqidou"
 22453 | Lair:1   | Entered Level 1 of the Lair of Beasts
 22489 | Lair:1   | Found a dark tunnel.
 22496 | Lair:1   | Reached skill level 1 in Armour
 22532 | Volcano  | Entered a volcano
 22548 | Volcano  | Noticed an ogre mage
 22578 | Volcano  | Killed an ogre mage
 22819 | Volcano  | Reached skill level 11 in Fighting
 23386 | D:7      | Bought a Trismegistus Codex for 364 gold pieces
 23392 | D:7      | Learned a level 5 spell: Freezing Cloud
 23878 | Lair:1   | Reached XP level 13. HP: 117/117 MP: 23/27
 24629 | Lair:2   | Found a runed translucent door.
 24791 | Lair:2   | Noticed Hyfo's ghost (journeyman DECj)
 25218 | Lair:2   | Killed Hyfo's ghost
 25324 | Lair:3   | Reached skill level 10 in Air Magic
 25522 | Lair:3   | HP: 2/117 [skyshark (10)]
 25522 | Lair:3   | Slain by a skyshark

Illustrated notes

Levels and vault maps discovered:
D:1:      denvon_arrival_planthouse, layout_basic,
          ebering_ecumenical_altar_abandoned, serial_bayou_pond_e,
          nicolae_figureground_sparkle
D:2:      layout_loops_corners, basic_altar
D:3:      layout_loops_ring, mainiacjoe_overflow_concentric_impassable,
          lemuel_doored_altar, uniq_pargi, uniq_robin
D:4:      layout_basic, minmay_temple_entry_fiery, serial_aquarium,
          aquarium_bridge_straight [aquarium_subvault_bridge,
          aquarium_subvault_window, aquarium_subvault_bridge,
          aquarium_subvault_balcony], aquarium_bridge_long_joined
          [aquarium_subvault_balcony, aquarium_subvault_window,
          aquarium_subvault_window, aquarium_subvault_bridge,
          aquarium_subvault_bridge, aquarium_subvault_bridge],
          aquarium_window_3, aquarium_window_fake, aquarium_view_2a,
          aquarium_view_2f, chequers_serial_rivers_large_b, corner_web_ring
D:5:      layout_loops_ring, lemuel_crystal_altar, mainiacjoe_overflow_chevrons,
          hangedman_decor_slide_cut
D:6:      layout_gridville, lemuel_crystal_altar, minmay_strange_pillars
D:7:      layout_loops_cross, lemuel_tele_altar, serial_shops,
          nicolae_shop_temple_entry_statues_fountains, shop, shop_statue, shop,
          nicolae_shop_rolled_up, uniq_jeremiah
D:8:      layout_basic, zin_statuary, fedhas_altar_fruit_tree, uniq_joseph
D:9:      layout_layer_cave, enter_bailey_3, nicolae_titane
D:10:     layout_loops_ring, grunt_lair_entry_orc_guard_hut, uniq_erolcha
D:11:     layout_loops_ring, orc_0_dummy, grunt_ministairs_1,
          chequers_serial_rivers_micro_a
D:12:     minmay_concentric_multi, layout_basic
Temple:   nicolae_temple_two_arcs
Lair:1:   beast_lair_carwin_large_2, layout_long_grid,
          nicolae_volcano_entry_vermiform
Lair:2:   layout_regular_city, ebering_ghost_reflecting_pool, fungi_pond_lemuel,
          chequers_serial_rivers_micro_b, minmay_hedge_maze,
          serial_bayou_shore_a
Lair:3:   layout_hall_layers, elwin_shoals_entry_rocks,
          minmay_snake_entry_six_corridors, chequers_serial_rivers_micro_a

Skill      XL: |  1  2  3  4  5  6  7  8  9 10 11 12 13 |
---------------+----------------------------------------+-----
Conjurations   | 2 3 7 |  7.7
Air Magic      | 3 4 5 6 7 8 10 | 10.4
Fighting       | 2 4 5 6 7 9 11 | 11.7
Spellcasting   | 2 3 4 5 7 |  7.0
Stealth        | 2 |  2.1
Dodging        | 2 4 5 6 |  6.4
Ranged Weapons | 4 6 |  6.4
Summonings     | 4 |  4.0
Ice Magic      | 3 |  3.2
Evocations     | 2 |  2.2
Armour         | 4 |  4.1

Action                     |  1- 3 |  4- 6 |  7- 9 | 10-12 | 13-15 || total
---------------------------+-------+-------+-------+-------+-------++-------
  Melee: Unarmed           |    10 |       |       |       |       ||    10
         Short sword       |       |     1 |       |       |       ||     1
         Trident           |       |       |       |    12 |    11 ||    23
   Fire: Arbalest          |       |    43 |   142 |    98 |    57 ||   340
   Cast: Shock             |    83 |   130 |    15 |   113 |    19 ||   360
         Static Discharge  |     3 |    15 |    47 |    95 |    14 ||   174
         Airstrike         |       |     3 |    40 |    75 |    19 ||   137
         Swiftness         |       |     1 |       |       |       ||     1
         Summon Lightning  |       |       |       |    69 |    17 ||    86
         Passwall          |       |       |       |     4 |       ||     4
         Freezing Cloud    |       |       |       |     5 |     4 ||     9
    Use: Scroll            |       |     1 |     6 |    13 |     3 ||    23
         Potion            |       |       |       |     7 |       ||     7
   Stab: Sleeping          |       |     1 |       |       |       ||     1
 Armour: Robe              |    21 |    41 |    16 |       |       ||    78
         Leather armour    |       |       |   162 |    61 |    42 ||   265
         Skin              |       |       |       |    38 |       ||    38
         Ring mail         |       |       |       |    22 |       ||    22
         Animal skin       |       |       |       |   182 |    23 ||   205
  Dodge: Dodged            |    16 |    30 |   101 |   144 |    61 ||   352

Table legend: (Time is in decaauts)
 A = Elapsed time spent in this place.
 B = Non-inter-level travel time spent in this place.
 C = Inter-level travel time spent in this place.
 D = Time resting spent in this place.
 E = Time spent auto-exploring this place.
 F = Levels seen in this place.
 G = Mean time per level.
                   A        B        C        D        E       F      G
               +--------+--------+--------+--------+--------+-----+--------+
         Total |  25808 |  23249 |   2559 |   1751 |  18040 |  17 | 1518.1 |
       Dungeon |  22940 |  20608 |   2332 |   1702 |  16063 |  12 | 1911.7 |
        Temple |      1 |      1 |      0 |      0 |      0 |   1 |    1.0 |
          Lair |   2390 |   2164 |    226 |     30 |   1683 |   3 |  796.7 |
       Volcano |    476 |    476 |      0 |     19 |    293 |   1 |  476.0 |
               +--------+--------+--------+--------+--------+-----+--------+

Top non-repeatable levels by time:
     D:6: 3597 daAuts
     D:2: 3166 daAuts
    D:12: 2810 daAuts
     D:8: 2246 daAuts
     D:7: 1752 daAuts
     D:1: 1634 daAuts
     D:9: 1537 daAuts
     D:3: 1483 daAuts
    D:11: 1290 daAuts
    D:10: 1221 daAuts
     D:4: 1150 daAuts
  Lair:2: 1124 daAuts
     D:5: 1048 daAuts
  Lair:1: 1037 daAuts
 Volcano: 476 daAuts
